 Dungeon Crawl Stone Soup version 0.22.1 (webtiles) character file.

1692 Bugsquash the Covert (level 9, -7/58 HPs)
             Began as an Octopode Berserker on Sept 17, 2018.
             Was an Elder of Trog.
             Mangled by an ice beast (14 damage)
             ... on level 7 of the Dungeon.
             The game lasted 00:12:20 (7666 turns).

Bugsquash the Covert (Octopode Berserker)           Turns: 7666, Time: 00:12:21

Health: -7/58      AC:  1    Str: 20    XL:     9   Next: 2%
Magic:  9/9        EV: 16    Int:  9    God:    Trog [****..]
Gold:   371        SH:  0    Dex: 14    Spells: 8/8 levels left

rFire    . . .     SeeInvis .     - Unarmed
rCold    . . .     Gourm    .   (no shield)
rNeg     . . .     Faith    .   (helmet restricted)
rPois    .         Spirit   .   (no amulet)
rElec    .         Reflect  .   e - +3 ring of strength
rCorr    +         Harm     .   (no ring)
MR       .....                  q - ring of resist corrosion
Stlth    +++++.....             (no ring)
HPRegen  0.19/turn              (no ring)
MPRegen  0.11/turn              (no ring)
                                (no ring)
                                (no ring)

@: no status effects
A: almost no armour, stealthy swim, amphibious, 8 rings, constrict 8, camouflage
1, gelatinous body 1
a: Berserk, Trog's Hand, Brothers in Arms, Renounce Religion


You were on level 7 of the Dungeon.
You worshipped Trog.
Trog was greatly pleased with you.
You were not hungry.

You visited 2 branches of the dungeon, and saw 8 of its levels.

You collected 371 gold pieces.

Inventory:

Hand Weapons
 o - a +0 hunting sling
Missiles
 p - 267 stones (quivered)
Jewellery
 e - a +3 ring of strength (left tentacle)
 n - an uncursed ring of fire
 q - a ring of resist corrosion (on tentacle)
 s - a +4 ring of intelligence {unknown}
 w - a +3 ring of strength
Wands
 x - a wand of disintegration (18)
 E - a wand of enslavement (16)
Scrolls
 b - 12 scrolls of identify {unknown}
 d - 2 scrolls of fog {unknown}
 h - a scroll of magic mapping {unknown}
 j - 2 scrolls of blinking {unknown}
 l - 3 scrolls of remove curse {unknown}
 m - a scroll of immolation {unknown}
 r - a scroll of noise {unknown}
 v - a scroll of teleportation {unknown}
 y - a scroll of amnesia {unknown}
 z - a scroll of vulnerability {unknown}
 C - a scroll of enchant weapon {unknown}
Potions
 c - a potion of brilliance {unknown}
 f - 2 potions of curing {unknown}
 g - 3 potions of mutation {unknown}
 i - 3 potions of lignification {unknown}
 k - a potion of magic {unknown}
 t - a potion of heal wounds {unknown}
 u - a potion of flight {unknown}
 A - a potion of haste {unknown}
 B - a potion of ambrosia {unknown}
Comestibles
 a - 15 rations


   Skills:
 + Level 4.1 Fighting
 + Level 5.9 Dodging
 + Level 8.5 Stealth
 + Level 7.9 Unarmed Combat


You had 8 spell levels left.
You didn't know any spells.
Your spell library was empty.

Dungeon Overview and Level Annotations

Branches:
Dungeon (7/15)             Temple (1/1) D:6

Altars:
Ashenzari
Dithmenos
Gozag
Nemelex Xobeh
Sif Muna
Xom
Zin
The Shining One

Shops:
D:5 }[=


Innate Abilities, Weirdness & Mutations

You cannot wear most types of armour.
You are very stealthy in the water. (Stealth+)
You are amphibious.
You can wear up to eight rings at the same time.
You can use your tentacles to constrict eight enemies at once.
Your skin changes colour to match your surroundings (Stealth+).
Your rubbery body absorbs attacks. (AC +1, EV +1)


Message History

You tentacle-slap the ice beast.
You squeeze the ice beast, but do no damage.
The ice beast is almost dead.
The ice beast hits you. The ice beast freezes you!
You tentacle-slap the ice beast but do no damage.
You squeeze the ice beast, but do no damage.
The ice beast is almost dead.
The ice beast misses you.
You closely miss the ice beast.
The ice beast is almost dead.
The ice beast hits you.
* * * LOW HITPOINT WARNING * * *
The ice beast freezes you.
* * * LOW HITPOINT WARNING * * *
You tentacle-slap the ice beast but do no damage.
The ice beast is almost dead.
The ice beast hits you.
* * * LOW HITPOINT WARNING * * *
The ice beast freezes you!
You die...

####### ### #.....#
#.# #.....#########.#
#...†...Y@...##.#
#...†.######..#.#
#.....# ##.#.# ######
#.....#
#...#####.....
##..###
##........##.. ..#.
########...##........
#?.#?
#.........#..........
.. #.
#...>.......##.###...
........#......###...


You could see an ice beast.

Vanquished Creatures
  A troll (D:6)
  Prince Ribbit (D:6)
  2 phantoms
  An ogre (D:7)
  A centaur (D:4)
  2 bullfrogs (D:7)
  A scorpion (D:4)
  2 crimson imps (D:5)
  A centaur zombie (D:6)
  A hound (D:4)
  An orc priest (D:4)
  A bullfrog skeleton (D:7)
  2 iguanas
  4 orc wizards
  4 worker ants
  2 hound zombies (D:5)
  Robin (D:3)
  12 adders
  A shadow imp (D:6)
  An ooze (D:1)
  8 worms
  4 dart slugs
  3 leopard geckos
  25 orcs
  7 giant cockroaches
  9 hobgoblins
  6 jackals
  2 quokkas
  2 ball pythons
  10 bats
  4 frilled lizards
  18 goblins
  10 kobolds
  16 rats
166 creatures vanquished.

Notes
Turn   | Place    | Note
-------+----------+-------------------------------------------
     0 | D:1      | Bugsquash the Octopode Berserker began the quest for the
                  | Orb.
     0 | D:1      | Reached XP level 1. HP: 16/16 MP: 1/1
   146 | D:1      | Reached XP level 2. HP: 13/21 MP: 2/2
   268 | D:1      | Reached XP level 3. HP: 26/26 MP: 3/3
   400 | D:1      | Reached ** piety under Trog
   911 | D:2      | Reached skill level 1 in Stealth
   938 | D:2      | Reached XP level 4. HP: 32/32 MP: 4/4
  1090 | D:2      | Reached skill level 2 in Stealth
  2091 | D:3      | Reached XP level 5. HP: 36/36 MP: 5/5
  2119 | D:3      | Reached *** piety under Trog
  2181 | D:3      | Reached skill level 3 in Stealth
  2663 | D:3      | Found a shattered altar of Ashenzari.
  3127 | D:3      | Noticed Robin
  3186 | D:3      | Reached **** piety under Trog
  3426 | D:3      | Killed Robin
  3426 | D:3      | Reached skill level 4 in Stealth
  3548 | D:4      | Reached XP level 6. HP: 43/43 MP: 6/6
  4082 | D:4      | Reached skill level 5 in Unarmed Combat
  4297 | D:4      | Noticed a phantom
  4325 | D:4      | Killed a phantom
  4325 | D:4      | Reached skill level 5 in Stealth
  4325 | D:4      | Reached XP level 7. HP: 10/47 MP: 7/7
  5168 | D:5      | Entered Level 5 of the Dungeon
  5229 | D:5      | Found Zitay's Armour Shoppe.
  5402 | D:5      | Found Zifeb's Gadget Boutique.
  5475 | D:5      | Reached skill level 6 in Stealth
  5679 | D:5      | Found Qihor Seuv's Jewellery Shoppe.
  6048 | D:6      | Found an opulent altar of Gozag.
  6188 | D:6      | Reached XP level 8. HP: 7/54 MP: 8/8
  6311 | D:6      | Found a staircase to the Ecumenical Temple.
  6402 | Temple   | Entered the Ecumenical Temple
  6491 | D:6      | Noticed a troll
  6502 | D:6      | Killed a troll
  6502 | D:6      | Reached skill level 5 in Dodging
  6502 | D:6      | Reached skill level 7 in Stealth
  6768 | D:6      | Noticed Prince Ribbit
  6781 | D:6      | Killed Prince Ribbit
  7410 | D:7      | Reached skill level 8 in Stealth
  7651 | D:7      | Reached XP level 9. HP: 52/58 MP: 9/9
  7666 | D:7      | Mangled by an ice beast

Skill      XL: |  1  2  3  4  5  6  7  8 |
---------------+-------------------------+-----
Stealth        | 1 2 4 5 6 8 |  8.5
Dodging        | 4 5 |  5.9
Unarmed Combat | 4 5 6 7 |  7.9
Fighting       | 4 |  4.1

Action                   |  1- 3 |  4- 6 |  7- 9 || total
-------------------------+-------+-------+-------++-------
Melee: Unarmed           |    72 |   185 |   151 ||   408
       Tentacles         |    15 |    35 |    38 ||    88
       Constrict         |    16 |    49 |    32 ||    97
       Punch             |     1 |     7 |    10 ||    18
Invok: Berserk           |       |       |     2 ||     2
       Trog's Hand       |       |       |     1 ||     1
 Stab: Sleeping          |     5 |    20 |    12 ||    37
       Distracted        |       |     2 |     1 ||     3
  Eat: Chunk             |       |     9 |    14 ||    23
Armor: Skin              |    12 |    13 |     7 ||    32
Dodge: Dodged            |    61 |   119 |    99 ||   279
